 Dungeon Crawl Stone Soup version 0.32-a0-953-g508020473e (webtiles) character file.

Game seed: 10067847649358177599

113 Hubris850 the Ducker (level 4, 0/34 HPs)
             Began as a Vampire Gladiator on Apr 16, 2024.
             Killed from afar by an orc wizard (3 damage)
             ... with a magic dart
             ... on level 3 of the Dungeon.
             The game lasted 00:04:03 (1817 turns).

Hubris850 the Ducker (Vampire Gladiator)            Turns: 1817, Time: 00:04:04

Health: 0/34       AC:  6    Str: 13    XL:     4   Next: 65%
Magic:  4/4        EV: 12    Int: 12    God:
Gold:   147        SH:  0    Dex: 15    Spells: 3/3 levels left

rFire   . . .        k - +0 whip (elec)
rCold   . . .        (no shield)
rNeg    . . .        b - +0 leather armour
rPois   .            c - +1 helmet
rElec   .            i - +0 cloak
rCorr   .            (no gloves)
SInv    +            (no boots)
Will    +....        (no amulet)
Stlth   ++           (no ring)
HPRegen 0.45/turn    (no ring)
MPRegen 0.09/turn

%: no passive effects
@: lethally poisoned (0 -> -3), enlightened, flying, healing quickly, hasted,
very quick
A: alive, fangs 3, see invisible, vampiric 2
a: Exsanguinate


You were on level 3 of the Dungeon.
You visited 1 branch of the dungeon, and saw 3 of its levels.

You collected 147 gold pieces.

Inventory:

Hand Weapons
 a - a +1 rapier
 k - a +0 whip of electrocution (weapon)
Missiles
 d - a throwing net
 e - a javelin
 h - 4 poisoned darts (quivered)
Armour
 b - a +0 leather armour (worn)
 c - a +1 helmet (worn)
 i - a +0 cloak (worn)
Magical Staves
 l - a staff of air
Potions
 f - a potion of attraction


   Skills:
 + Level 2.7 Fighting
 - Level 3.7 Short Blades
 + Level 2.4 Throwing
 + Level 4.1 Dodging
 + Level 2.0 Stealth


You had 3 spell levels left.
You didn't know any spells.
Your spell library contained the following spells:

 Spells                   Type           Power      Damage    Failure   Level
 Apportation              Tloc           0%         N/A       38%         1
 Necrotise                Necr           0%         1d4       38%         1
 Sting                    Conj/Alch      0%         1d3       38%         1
 Summon Small Mammal      Summ           0%         N/A       38%         1


Dungeon Overview and Level Annotations

Branches:
Dungeon (3/15)

Altars:


Innate Abilities, Weirdness & Mutations

Your natural rate of healing is accelerated.
You have razor-sharp teeth.
You have supernaturally acute eyesight. (SInv)
You are afflicted with vampirism and can become a bat while bloodless.


Message History

You hit the hobgoblin.
The hobgoblin is heavily wounded.
The hobgoblin hits you.
You hit the hobgoblin. You bite the hobgoblin.
The hobgoblin is almost dead.
The hobgoblin hits you.
You hit the hobgoblin.
You kill the hobgoblin!
The orc throws a boomerang.
The boomerang hits you.
You hit the orc wizard.
Lightning courses through the orc wizard!
The orc wizard is almost dead.
The orc wizard hits you but does no damage.
You are poisoned.
You closely miss the orc wizard.
The orc wizard is almost dead.
You feel very sick.
Throw: 3 throwing nets
Press: ? - help, Shift-Dir - straight line, f - orc wizard
Aim: an orc wizard, wielding a +0 dagger of venom and wearing a +0 robe (almost dead, slightly transparent, 50% to hit)
You throw a throwing net.
The throwing net closely misses the orc wizard.
You feel sick.
The orc throws a boomerang.
The boomerang closely misses you. The orc wizard barely misses you.
Throw: 2 throwing nets
Press: ? - help, Shift-Dir - straight line, f/p - orc wizard
Aim: an orc wizard, wielding a +0 dagger of venom and wearing a +0 robe (almost dead, slightly transparent, 50% to hit)
You throw a throwing net.
The throwing net closely misses the orc wizard.
You feel sick.
The orc throws a boomerang.
The boomerang closely misses you. The orc wizard casts a spell at you.
The magic dart hits you!
* * * LOW HITPOINT WARNING * * *
Unknown command.
It was a potion of haste.
You feel yourself speed up.
* * * LOW HITPOINT WARNING * * *
You feel sick.
The orc wizard gestures at you while chanting.
The magic dart hits you.
You die...

..# .(# #.......
..##..........
#.##.......≈≈≈
#.#.......≈≈#
#.#.......≈#
#.#.......≈#
#o#.#.....≈#
#@o.......≈##
###.......≈≈####≈
#....†...≈≈≈≈≈≈
#>.....).......
###............
##...........
##..........
#...........
#.......#...


You could see an orc wizard (invisible) and an orc.

Vanquished Creatures
  A bombardier beetle (D:3)
  2 adders (D:2)
  A dart slug (D:2)
  5 orcs (D:3)
  10 bats
  4 endoplasms
  3 giant cockroaches (D:1)
  6 goblins
  4 hobgoblins
  A quokka (D:1)
  6 ball pythons
  6 frilled lizards
  4 kobolds
  5 rats (D:1)
58 creatures vanquished.

Notes
Turn   | Place    | Note
-------+----------+-------------------------------------------
     0 | D:1      | Hubris850 the Vampire Gladiator began the quest for the
                  | Orb.
     0 | D:1      | Reached XP level 1. HP: 16/16 MP: 1/1
   126 | D:1      | Reached XP level 2. HP: 22/22 MP: 2/2
   548 | D:1      | Gained mutation: You are afflicted with vampirism and can
                  | become a bat while bloodless. [Vampire growth]
   548 | D:1      | Reached XP level 3. HP: 27/27 MP: 3/3
  1016 | D:2      | Reached skill level 1 in Stealth
  1621 | D:3      | Reached XP level 4. HP: 34/34 MP: 4/4
  1780 | D:3      | Reached skill level 4 in Dodging
  1817 | D:3      | Killed from afar by an orc wizard

Illustrated notes

Levels and vault maps discovered:
D:1:      dpeg_arrival_fog, layout_loops_ring, st_stairs_11, chequers_avenue,
          chequers_serial_rivers_small_b
D:2:      layout_basic, nrook_mini_backslash, uniq_crazy_yiuf_cottage
D:3:      layout_loops_cross, hangedman_decor_push,
          kennysheep_decorative_pillar, chequers_decorated_corner

Skill      XL: |  1  2  3  4 |
---------------+-------------+-----
Fighting       | 2 |  2.7
Throwing       | 2 |  2.4
Stealth        | 1 2 |  2.0
Dodging        | 4 |  4.1
Short Blades   | |  3.7

Action                     |  1- 3 |  4- 6 || total
---------------------------+-------+-------++-------
  Melee: Rapier            |   112 |       ||   112
         Bite              |     9 |     6 ||    15
         Whip              |    14 |    42 ||    56
  Throw: Throwing net      |       |     2 ||     2
    Use: Scroll            |     5 |       ||     5
         Potion            |       |     3 ||     3
 Armour: Leather armour    |    91 |    36 ||   127
  Dodge: Dodged            |    87 |    28 ||   115

Table legend: (Time is in decaauts)
 A = Elapsed time spent in this place.
 B = Non-inter-level travel time spent in this place.
 C = Inter-level travel time spent in this place.
 D = Time resting spent in this place.
 E = Time spent auto-exploring this place.
 F = Levels seen in this place.
 G = Mean time per level.
                   A        B        C        D        E       F      G
               +--------+--------+--------+--------+--------+-----+--------+
         Total |   1826 |   1766 |     60 |      0 |   1389 |   3 |  608.7 |
       Dungeon |   1826 |   1766 |     60 |      0 |   1389 |   3 |  608.7 |
               +--------+--------+--------+--------+--------+-----+--------+

Top non-repeatable levels by time:
     D:1: 826 daAuts
     D:2: 784 daAuts
     D:3: 214 daAuts
